 Dungeon Crawl Stone Soup version 0.16.0-12-g7215832 (webtiles) character file.

276421 wanderer1 the Slayer (level 19, -6/197 (200) HPs)
             Began as a Minotaur Fighter on Mar 18, 2015.
             Was the Champion of Okawaru.
             Killed from afar by a deep elf annihilator (32 damage)
             ... with an iron shot
             ... on level 3 of the Elven Halls.
             The game lasted 02:51:13 (33733 turns).

wanderer1 the Slayer (Minotaur Fighter)            Turns: 33733, Time: 02:51:13

HP:   -6/197 (200)  AC: 33    Str: 36    XL:     19   Next: 58%
MP:   24/30         EV: 14    Int: 11    God:    Okawaru [******]
Gold: 2258          SH: 21    Dex:  9    Spells: 0 memorised, 18 levels left

rFire  + + +     SeeInvis .     w - +9 trident (vamp)
rCold  + + .     Clarity  +     X - +7 chain mail of the Eleven Blessings {rPois MP+9 Str+3 Int+6}
rNeg   . . .     SustAb   .     t - +2 shield
rPois  +         Gourm    .     (helmet restricted)
rElec  +         Spirit   .     x - +0 cloak
rCorr  +         Warding  .     K - +2 pair of gloves {Str+3}
rMut   .         Stasis   .     Z - +2 pair of boots {run}
MR     +....                    r - amulet "Yquor" {Clar Contam rElec rPois rF+ Dex+3}
Stlth  ..........               G - ring of Temperance {rPois Str+4}
                                D - ring "Psionoam" {Contam rElec rF+ rC+ Dex-5 Stlth-}

@: lethally poisoned (-6 -> -9), resistant, heroism, finesse, non-regenerating,
mildly diseased, quick, somewhat resistant to hostile enchantments, extremely
unstealthy
A: retaliatory headbutt, horns 2, deterioration 1, shaggy fur 1, weak 1, no
device heal 1
a: Heroism, Finesse, Renounce Religion
}: 2/15 runes: decaying, serpentine


You were on level 3 of the Elven Halls.
You worshipped Okawaru.
Okawaru was exalted by your worship.
You were not hungry.

You visited 7 branches of the dungeon, and saw 37 of its levels.
You visited the Abyss 3 times.
You also visited: Labyrinth.

You collected 3795 gold pieces.
You spent 1537 gold pieces at shops.

Inventory:

Hand weapons
 e - a +2 double sword of flaming
 w - a +9 vampiric trident (weapon)
 E - the +5 spear of Dishonesty {elec, +Rage, unknown}
   (Okawaru gifted it to you on level 3 of the Elven Halls)

   Occasionally, upon striking a foe, it will discharge some electrical energy
   and cause terrible harm.
   It lets you go berserk.
 S - the +6 broad axe "Struex Geent" {drain, -Cast Str+2 Int+6, unknown}
   (Okawaru gifted it to you on level 5 of the Swamp)

   A truly terrible weapon, it drains the life of those it strikes.
   It affects your strength (+2).
   It affects your intelligence (+6).
   It prevents spellcasting.
Armour
 i - the +5 hat of Steic {+Fly rF- rC+ Stlth+}
   (You acquired it on level 1 of the Orcish Mines)

   It makes you vulnerable to fire.
   It protects you from cold.
   It lets you fly.
   It makes you more stealthy.
 t - a +2 shield (worn)
 x - a +0 cloak (worn)
 K - a +2 pair of gloves of strength (worn)
 X - the +7 chain mail of the Eleven Blessings (worn) {rPois MP+9 Str+3 Int+6}
   (You found it on level 5 of the Lair of Beasts)

   It affects your strength (+3).
   It affects your intelligence (+6).
   It protects you from poison.
   It affects your magic capacity (+9).
 Z - a +2 pair of boots of running (worn)
Jewellery
 r - the amulet "Yquor" (around neck) {Clar Contam rElec rPois rF+ Dex+3}
   (You found it in a labyrinth)

   [amulet of clarity]

   It provides mental clarity.
   It affects your dexterity (+3).
   It protects you from fire.
   It insulates you from electricity.
   It protects you from poison.
   It causes magical contamination when unequipped.
 D - the ring "Psionoam" (left hand) {Contam rElec rF+ rC+ Dex-5 Stlth-}
   (You found it on level 5 of the Dungeon)

   [ring of loudness]

   It affects your dexterity (-5).
   It protects you from fire.
   It protects you from cold.
   It insulates you from electricity.
   It causes magical contamination when unequipped.
   It makes you less stealthy.
 G - the ring of Temperance (right hand) {rPois Str+4}
   (You found it in a labyrinth)

   [ring of poison resistance]

   It affects your strength (+4).
   It protects you from poison.
Magical devices
 s - a wand of invisibility (7)
 u - a wand of teleportation (3)
 M - a wand of polymorph (12)
 P - a wand of digging (17)
 U - a wand of hasting (5)
 V - a wand of fireball (3)
 Y - a wand of paralysis (4)
Scrolls
 a - 2 scrolls of brand weapon
 f - 2 scrolls of holy word
 g - 16 scrolls of remove curse
 m - a scroll of silence
 n - 13 scrolls of teleportation
 v - 8 scrolls of amnesia
 y - 3 scrolls of enchant weapon
 A - 4 scrolls of enchant armour
 C - 8 scrolls of magic mapping
 H - 4 scrolls of fog
 L - 2 scrolls of recharging
 O - 2 scrolls of identify
Potions
 h - 2 potions of heal wounds
 k - a potion of haste
 q - 4 potions of brilliance
 z - a potion of invisibility
 B - 5 potions of restore abilities
 I - a potion of experience {unknown}
 J - a potion of might
 N - 2 potions of cancellation
 Q - a potion of flight {unknown}
 R - 4 potions of curing
 T - 2 potions of agility
Miscellaneous
 p - a crystal ball of energy
Comestibles
 c - 7 meat rations
 d - 14 bread rations
 l - 5 beef jerkies
 F - 5 slices of pizza
 W - 15 fruits


   Skills:
 * Level 24.5(27) Fighting
 - Level 2.4(14.8) Axes
 - Level 14.2(19.2) Polearms
 * Level 16.6(21.6) Armour
 - Level 8.0(13.0) Dodging
 + Level 21.4(26.4) Shields
 + Level 5.5 Invocations
 + Level 0.2 Evocations


You had 18 spell levels left.
You didn't know any spells.

Dungeon Overview and Level Annotations

Branches:
Dungeon (11/15)            Temple (1/1) D:4            Lair (8/8) D:9
  Swamp (5/5) Lair:3        Snake (5/5) Lair:4        Slime (0/6) Lair:6
    Orc (4/4) D:11            Elf (3/3) Orc:4

Altars:
Ashenzari
Dithmenos
Elyvilon
Fedhas
Kikubaaqudgha
Makhleb
Nemelex Xobeh
Okawaru
Qazlal
Vehumet
Xom
Yredelemnul
Zin
The Shining One
Beogh

Shops:
Orc:2 [?   Orc:4 }([**   Elf:2 [   Snake:3 }

Portals:
Hell: Lair:8


Innate Abilities, Weirdness & Mutations

You reflexively headbutt those who attack you in melee.
You have a pair of horns on your head.
You are covered in fur (AC +1).
You are weak. (Str -2)
[Your body is slowly deteriorating.]
[Potions and wands are less effective at restoring your health.]


Message History

You feel sick.
You block the deep elf blademaster's attack. x2
You puncture the deep elf blademaster!!
You kill the deep elf blademaster!
Okawaru accepts your kill.
You feel the corruption within you wane somewhat.
You feel stronger.
You feel a little healthier.
You feel robust.
The deep elf annihilator casts a spell.
The deep elf annihilator blinks!
The tormentor gestures at you. You resist with some effort.
The deep elf sorcerer casts a spell.
The deep elf sorcerer seems to speed up.
The deep elf sorcerer gestures wildly while chanting.
The deep elf sorcerer casts a spell at you.
The red devil resists with some effort.
You open the door.
You feel sick.
The deep elf annihilator casts a spell at you.
The iron shot hits you!
You die...

#.....# #.....#
#.....## ##.:...#
#......## ##......#
#.......###.......#
##...............##
##.....e.......##
#.............#
#......)4.....#
#######e4.e).2@.###
.......#e#######'#
.........2# ...
........ee# .....
.....e...# .......
.......... ......
.###.3..... ....#
##..e...# ...#
##.ยง3..# .


You could see a deep elf annihilator, 2 deep elf sorcerers, a deep elf
demonologist, a tormentor and 2 red devils.

Vanquished Creatures
  the Lernaean hydra (Swamp:5)
  Mara (Swamp:4)
  Nikola (Snake:4)
  A lich (Abyss:1)
  A deep elf blademaster (Elf:3)
  2 deep elf master archers (Elf:3)
  6 tentacled starspawn
  Rupert (Swamp:5)
  Agnes (Swamp:4)
  A revenant (Abyss:1)
  Kirke (Swamp:5)
  2 thorn hunters
  Roxanne (Swamp:3)
  Donald (Orc:4)
  Wiglaf (Swamp:4)
  2 orc warlords
  3 deep elf sorcerers (Elf:3)
  Louise (Snake:2)
  5 greater nagas (Snake:5)
  A cacodemon (Abyss:1)
  Jorgrun (Snake:2)
  The ghost of SaintRoka the Grappler, a powerful NaCK of Xom (Lair:7)
  3 very ugly things
  3 deep elf demonologists
  Azrael (Elf:1)
  8 deep elf annihilators (Elf:3)
  A spectral titan (Abyss:1)
  2 dire elephants (Lair:8)
  The ghost of wanderer1 the Peltast, a powerful GrFi of the Shining One (Lair:4)
  Snorg (Lair:7)
  An eidolon (Abyss:1)
  A minotaur (Lab)
  16 hydras
  2 deep elf high priests (Elf:3)
  Harold (Orc:2)
  22 naga warriors
  2 rakshasas
  9 anacondas
  14 dancing weapons (Elf:2)
  3 alligators (Swamp:2)
  Urug (Swamp:1)
  4 orc high priests
  16 naga sharpshooters
  5 shock serpents
  3 thrashing horrors (Abyss:1)
  A fire crab (Lair:7)
  7 starcursed masses
  A sun demon (Lair:8)
  2 salamander mystics
  A wretched star (Abyss:1)
  An ice devil (Orc:4)
  4 soul eaters
  12 deep elf knights
  12 swamp dragons
  A spectral yellow draconian (Abyss:1)
  A spriggan druid (Swamp:4)
  A giant orange brain (Abyss:1)
  An ice statue (D:11)
  3 deep elf summoners
  2 hill giants
  2 shambling mangroves (Swamp:5)
  A wizard (Lair:8)
  10 naga ritualists
  A lindwurm (Lair:5)
  12 deep elf conjurers
  12 orc knights
  2 worldbinders (Abyss:1)
  4 mana vipers
  5 orc sorcerers
  3 griffons
  2 cyclopes (D:11)
  2 ugly things (Swamp:5)
  8 salamanders
  2 rust devils
  3 elephants (Lair:6)
  34 black mambas
  2 hornets
  A queen ant (Lair:3)
  2 torpor snails
  6 guardian serpents
  2 apocalypse crabs
  5 orange demons (Lair:8)
  6 smoke demons
  22 spiny frogs
  7 large abominations
  Psyche (Orc:1)
  34 naga magi
  A hellwing (Lair:8)
  8 komodo dragons
  An efreet (Abyss:1)
  A kobold demonologist (Abyss:1)
  6 fire drakes
  A jumping spider (Elf:2)
  2 demonic crawlers
  2 ancient zymes
  4 deep elf priests
  5 red devils
  Sonja (Swamp:1)
  A wandering mushroom (Abyss:1)
  3 polar bears
  2 baby alligators (Lair:3)
  5 blue devils
  5 trolls
  Grinder (D:6)
  7 raiju
  11 giant leeches
  5 bog bodies
  34 blink frogs
  14 ravens
  8 basilisks
  4 redbacks (Elf:2)
  8 small abominations
  6 slime creatures (Swamp:3)
  A tarantella (Elf:2)
  19 deep elf magi
  A wraith (Abyss:1)
  3 wyverns
  40 yaks
  5 hogs (Swamp:5)
  3 hippogriffs
  A vampire (Abyss:1)
  3 fire bats (Abyss:1)
  6 shadows
  2 neqoxecs (Abyss:1)
  2 fire elementals (Elf:1)
  3 ynoxinuls
  5 wolves (Lair:6)
  30 deep elf fighters
  53 nagas
  3 chaos spawn (Orc:4)
  22 vampire mosquitoes
  2 wargs
  20 swamp worms
  Edmund (D:4)
  The ghost of inmateoo the Slasher, an average TeBe of Trog (D:3)
  8 soldier ants (Lair:3)
  11 insubstantial wisps
  5 hell hounds (Elf:1)
  38 water moccasins
  2 necrophages
  The ghost of SaintRoka the Conjurer, an average VSCj (D:4)
  12 swamp drakes
  8 porcupines
  2 sky beasts
  2 black bears
  6 orc zombies (Orc:4)
  32 orc warriors
  24 crocodiles
  4 ice beasts
  6 ogres
  4 phantoms
  A snapping turtle skeleton (Abyss:1)
  An eye of draining (Abyss:1)
  11 big kobolds
  Duvessa (D:6)
  13 centaurs
  Blork the orc (D:4)
  20 giant frogs
  A wyvern zombie (D:10)
  2 scorpions (D:8)
  20 killer bees
  13 wights
  2 yak skeletons (Orc:4)
  8 electric eels
  6 crimson imps
  Dowan (D:6)
  2 centaur zombies
  4 quasits
  3 giant frog zombies
  31 orc priests
  8 hounds
  Crazy Yiuf (D:3)
  3 jellies (D:5)
  24 orc wizards
  4 giant frog skeletons
  Natasha (twice) (D:3)
  11 iguanas
  20 sheep
  6 hell rats (Elf:2)
  27 worker ants
  Ijyb (D:3)
  Jessica (D:3)
  A hound skeleton (D:6)
  3 worker ant zombies
  10 gnolls
  25 adders
  46 river rats
  2 white imps (Abyss:1)
  A shadow imp (D:8)
  4 worms
  4 ufetubi (Abyss:1)
  4 adder skeletons
  2 giant geckos (D:2)
  159 orcs
  5 ball pythons
  17 bats
  A bat zombie (D:7)
  16 goblins
  11 hobgoblins
  9 jackals
  31 kobolds
  18 quokkas
  12 giant cockroaches
  3 giant newts
  A jackal zombie (D:5)
  A quokka skeleton (D:8)
  20 rats
  9 rat skeletons (Orc:4)
  A spectral giant cockroach (Abyss:1)
  A ballistomycete (D:11)
  2 briar patches (Swamp:2)
  2 crawling corpses (Elf:2)
  3 fungi
  4 starspawn tentacles
1611 creatures vanquished.

Vanquished Creatures (collateral kills)
  Aizul (Snake:4)
1 creature vanquished.

Vanquished Creatures (others)
  Asterion (Swamp:3)
  A golden eye (shapeshifter) (Abyss:1)
  A river rat (Lair:8)
  A giant spore (D:11)
  2 rat skeletons (Orc:4)
  2 fungi (Lair:7)
  A plant (Lair:8)
  11 starspawn tentacles
  101 starspawn tentacle segments
121 creatures vanquished.

Grand Total: 1733 creatures vanquished

Notes
Turn   | Place    | Note
--------------------------------------------------------------
     0 | D:1      | wanderer1, the Minotaur Fighter, began the quest for the Orb.
     0 | D:1      | Reached XP level 1. HP: 19/19 MP: 1/1
    59 | D:1      | Reached XP level 2. HP: 20/27 MP: 1/1
    86 | D:1      | Reached skill level 4 in Fighting
   124 | D:1      | You fall through a shaft!
   159 | D:2      | Reached XP level 3. HP: 33/33 MP: 2/2
   381 | D:1      | Upgraded the game from 0.16.0-11-gd45b091 to 0.16.0-12-g7215832
   385 | D:1      | Reached XP level 4. HP: 41/41 MP: 2/2
   430 | D:1      | Found a glowing golden altar of the Shining One.
   713 | D:2      | Reached skill level 5 in Fighting
   743 | D:2      | Reached skill level 5 in Armour
   743 | D:2      | Reached XP level 5. HP: 48/48 MP: 2/2
   989 | D:3      | Noticed Jessica
   994 | D:3      | Killed Jessica
  1075 | D:3      | Reached skill level 5 in Shields
  1096 | D:3      | Noticed inmateoo's ghost (average TeBe)
  1105 | D:3      | Killed inmateoo's ghost
  1105 | D:3      | Reached skill level 6 in Fighting
  1105 | D:3      | Reached XP level 6. HP: 47/57 MP: 3/3
  1272 | D:3      | Noticed Natasha
  1278 | D:3      | Killed Natasha
  1282 | D:3      | Found a shadowy altar of Dithmenos.
  1393 | D:3      | Noticed Natasha
  1398 | D:3      | Killed Natasha
  1488 | D:3      | Noticed Ijyb
  1495 | D:3      | Killed Ijyb
  1855 | D:3      | Noticed Crazy Yiuf
  1860 | D:3      | Killed Crazy Yiuf
  1910 | D:4      | Reached skill level 7 in Fighting
  1910 | D:4      | Reached XP level 7. HP: 56/66 MP: 3/3
  2054 | D:4      | Noticed Blork the orc
  2060 | D:4      | Killed Blork the orc
  2184 | D:4      | You fall through a shaft for 2 floors!
  2221 | D:6      | Noticed Grinder
  2244 | D:6      | Killed Grinder
  2244 | D:6      | Reached skill level 1 in Polearms
  2314 | D:6      | Reached XP level 8. HP: 55/74 MP: 3/3
  2328 | D:5      | Entered Level 5 of the Dungeon
  2336 | D:5      | Reached skill level 8 in Fighting
  2366 | D:5      | Got a fine jade ring
  2367 | D:5      | Identified the ring "Psionoam" {Contam rElec rF+ rC+ Dex-5 Stlth-} (You found it on level 5 of the Dungeon)
  2451 | D:5      | You fall through a shaft for 3 floors!
  2551 | D:8      | Reached skill level 9 in Fighting
  2644 | D:8      | Reached XP level 9. HP: 84/84 MP: 4/4
  2752 | D:8      | Reached skill level 10 in Fighting
  2766 | D:8      | Reached skill level 5 in Polearms
  3130 | D:7      | Reached XP level 10. HP: 78/94 MP: 4/4
  3143 | D:7      | Reached skill level 11 in Fighting
  3510 | D:4      | Noticed SaintRoka's ghost (average VSCj)
  3513 | D:4      | Killed SaintRoka's ghost
  3669 | D:4      | Noticed Edmund
  3720 | D:4      | Killed Edmund
  3913 | D:4      | Found a staircase to the Ecumenical Temple.
  3928 | Temple   | Entered the Ecumenical Temple
  3950 | Temple   | Became a worshipper of Warmaster Okawaru
  4507 | D:6      | Noticed Duvessa
  4510 | D:6      | Noticed Dowan
  4512 | D:6      | Killed Duvessa
  4520 | D:6      | Killed Dowan
  4927 | D:7      | Reached skill level 10 in Shields
  4960 | D:7      | Acquired Okawaru's first power
  5577 | D:7      | Reached skill level 10 in Armour
  6047 | D:9      | Found a burning altar of Makhleb.
  6270 | D:9      | Found a staircase to the Lair.
  6478 | D:9      | Reached skill level 12 in Fighting
  6554 | D:10     | Entered Level 10 of the Dungeon
  6855 | D:10     | Noticed a hill giant
  6861 | D:10     | Killed a hill giant
  6861 | D:10     | Reached XP level 11. HP: 105/105 MP: 4/4
  7347 | D:11     | Reached skill level 13 in Fighting
  7548 | D:11     | Noticed a hill giant
  7553 | D:11     | Killed a hill giant
  7778 | D:11     | Found a staircase to the Orcish Mines.
  7830 | D:11     | Found a frozen archway.
  7830 | D:11     | Noticed an ice statue
  7841 | D:11     | Killed an ice statue
  8107 | Orc:1    | Entered Level 1 of the Orcish Mines
  8320 | D:11     | Gained mutation: You can spit poison. [potion of beneficial mutation]
  8323 | D:11     | Gained mutation: Your mind is acute. (Int +2) [potion of mutation]
  8323 | D:11     | Gained mutation: You are weak. (Str -2) [potion of mutation]
  8323 | D:11     | Gained mutation: You are partially covered in slimy green scales (AC +2). [potion of mutation]
  8511 | Orc:1    | Noticed Psyche
  8517 | Orc:1    | Killed Psyche
  8593 | Orc:1    | Noticed an orc high priest
  8599 | Orc:1    | Killed an orc high priest
  8632 | Orc:1    | Acquired Okawaru's second power
  8844 | Orc:1    | Identified a scroll of acquirement
  8845 | Orc:1    | Got a fine hat
  8852 | Orc:1    | Identified the +5 hat of Steic {+Fly rF- rC+ Stlth+} (You acquired it on level 1 of the Orcish Mines)
  9417 | Orc:2    | Found Roedifa's Armour Shoppe.
  9424 | Orc:2    | Found Oreev's Magic Scroll Emporium.
  9449 | Orc:2    | Bought a scroll of identify for 26 gold pieces
  9449 | Orc:2    | Bought 3 scrolls of identify for 78 gold pieces
  9449 | Orc:2    | Bought a scroll of enchant armour for 97 gold pieces
  9449 | Orc:2    | Bought a scroll of enchant weapon for 97 gold pieces
  9449 | Orc:2    | Bought a scroll of teleportation for 39 gold pieces
  9508 | Orc:2    | Noticed Harold
  9518 | Orc:2    | Killed Harold
  9565 | Orc:2    | Reached skill level 14 in Fighting
  9853 | Orc:3    | Reached skill level 10 in Polearms
  9982 | Orc:3    | Noticed an orc warlord
 10015 | Orc:3    | Killed an orc warlord
 10015 | Orc:3    | Reached XP level 12. HP: 104/117 MP: 6/6
 10058 | Orc:3    | Received a gift from Okawaru
 10273 | Orc:4    | Entered Level 4 of the Orcish Mines
 10340 | Orc:4    | Found Throalua's Assorted Antiques.
 10389 | Orc:4    | Bought a tiny peridot amulet for 180 gold pieces
 10389 | Orc:4    | Bought a scroll of identify for 72 gold pieces
 10389 | Orc:4    | Bought a scroll labeled QASTA JYMER for 36 gold pieces
 10389 | Orc:4    | Bought a scroll labeled CLISUB IBLO for 36 gold pieces
 10498 | Orc:4    | Reached skill level 1 in Invocations
 10501 | Orc:4    | Gained mutation: You are covered in fur (AC +1). [a neqoxec]
 10526 | Orc:4    | Reached skill level 15 in Fighting
 10543 | Orc:4    | Found Abugur's Gadget Shop.
 10544 | Orc:4    | Found Woogg's Weapon Shoppe.
 10545 | Orc:4    | Found Ghuypt's Antique Armour Shop.
 10545 | Orc:4    | Found Uzupimmoud's Assorted Antiques.
 10560 | Orc:4    | Bought a scroll of remove curse for 84 gold pieces
 10560 | Orc:4    | Bought a scroll of identify for 56 gold pieces
 10565 | Orc:4    | Bought a runed plate armour for 736 gold pieces
 10596 | Orc:4    | Noticed Donald
 10643 | Orc:4    | Killed Donald
 10771 | Orc:4    | Found a staircase to the Elven Halls.
 11236 | Lair:1   | Entered Level 1 of the Lair of Beasts
 11237 | Lair:1   | Found a labyrinth entrance.
 11241 | Lair:1   | Noticed a seven-headed hydra
 11248 | Lair:1   | Killed a seven-headed hydra
 11248 | Lair:1   | Received a gift from Okawaru
 11261 | Lair:1   | Reached XP level 13. HP: 98/127 MP: 7/7
 11271 | Lair:1   | Got a twisted broad axe {god gift}
 11320 | Lab      | Entered a labyrinth
 12471 | Lab      | Got a twitching garnet amulet
 12471 | Lab      | Got a coiled platinum ring
 12481 | Lair:1   | Identified the -1 broad axe of the Augurer {freeze, MP+9 Int+4 Stlth+} (Okawaru gifted it to you on level 1 of the Lair of Beasts)
 12483 | Lair:1   | Identified the ring of Temperance {rPois Str+4} (You found it in a labyrinth)
 12485 | Lair:1   | Identified the amulet "Yquor" {Clar Contam rElec rPois rF+ Dex+3} (You found it in a labyrinth)
 14473 | Lair:3   | Found a staircase to the Swamp.
 14500 | Lair:3   | Got an iridescent war axe
 14602 | Lair:3   | Received a gift from Okawaru
 14741 | Lair:3   | Reached skill level 16 in Fighting
 15441 | Lair:4   | Found a staircase to the Snake Pit.
 15489 | Lair:4   | Noticed wanderer1's ghost (powerful GrFi)
 15516 | Lair:4   | Killed wanderer1's ghost
 16491 | Lair:5   | Got a faintly humming chain mail
 16503 | Lair:5   | Identified the +7 chain mail of the Eleven Blessings {rPois MP+9 Str+3 Int+6} (You found it on level 5 of the Lair of Beasts)
 16543 | Lair:5   | Found a staircase to the Swamp.
 16653 | Lair:5   | Reached XP level 14. HP: 138/138 MP: 8/8
 17094 | Lair:5   | Found a dark tunnel.
 17295 | Lair:6   | Found a staircase to the Slime Pits.
 17429 | Lair:6   | Received a gift from Okawaru
 18114 | Lair:6   | Reached skill level 17 in Fighting
 18244 | Lair:7   | Noticed Snorg
 18256 | Lair:7   | Killed Snorg
 18436 | Lair:7   | Reached skill level 15 in Shields
 18575 | Lair:7   | Noticed SaintRoka's ghost (powerful NaCK)
 18590 | Lair:7   | Killed SaintRoka's ghost
 18590 | Lair:7   | Received a gift from Okawaru
 19099 | Lair:8   | Entered Level 8 of the Lair of Beasts
 19183 | Lair:8   | Reached skill level 1 in Dodging
 19279 | Lair:8   | Found a burning altar of Makhleb.
 19320 | Lair:8   | Reached skill level 18 in Fighting
 19336 | Lair:8   | Found a gateway to Hell.
 19497 | Lair:8   | Received a gift from Okawaru
 20341 | Snake:1  | Entered Level 1 of the Snake Pit
 20353 | Snake:1  | Reached XP level 15. HP: 150/150 MP: 11/11
 20594 | Snake:1  | Found a glowing silver altar of Zin.
 20785 | Snake:2  | Received a gift from Okawaru
 20802 | Snake:2  | Identified the +5 war axe of the Dwarven Hall {flame, +Fly rF- MR+ Int+4 Dex+2} (You found it on level 3 of the Lair of Beasts)
 20903 | Snake:2  | Reached skill level 19 in Fighting
 21104 | Snake:2  | Noticed Louise
 21113 | Snake:2  | Killed Louise
 21214 | Snake:2  | Noticed Jorgrun
 21233 | Snake:2  | Killed Jorgrun
 21366 | Snake:2  | Received a gift from Okawaru
 21537 | Snake:3  | Found Kley's Gadget Shoppe.
 21968 | Snake:3  | Reached skill level 20 in Fighting
 22035 | Snake:4  | Noticed Nikola
 22454 | Snake:4  | Received a gift from Okawaru
 22461 | Snake:4  | Killed Nikola
 22461 | Snake:4  | Reached XP level 16. HP: 163/163 MP: 12/12
 22623 | Snake:4  | Noticed Aizul
 22633 | Snake:4  | Killed Aizul
 22981 | Snake:4  | Reached skill level 5 in Dodging
 23173 | Snake:5  | Entered Level 5 of the Snake Pit
 23181 | Snake:4  | Lost mutation: You are weak. (Str -2) [potion of cure mutation]
 23181 | Snake:4  | Lost mutation: Your mind is acute. (Int +2) [potion of cure mutation]
 23181 | Snake:4  | Lost mutation: You are partially covered in slimy green scales (AC +2). [potion of cure mutation]
 23181 | Snake:4  | Lost mutation: You can spit poison. [potion of cure mutation]
 24260 | Snake:5  | Reached skill level 21 in Fighting
 24348 | Snake:5  | Received a gift from Okawaru
 24538 | Snake:5  | Reached XP level 17. HP: 167/170 MP: 18/18
 24545 | Snake:5  | Received a gift from Okawaru
 24560 | Snake:5  | Got a serpentine rune of Zot
 25109 | Swamp:1  | Entered Level 1 of the Swamp
 25305 | Swamp:1  | Noticed Sonja
 25307 | Swamp:1  | Killed Sonja
 25352 | Swamp:1  | Noticed Urug
 25360 | Swamp:1  | Killed Urug
 25673 | Swamp:2  | Received a gift from Okawaru
 26548 | Swamp:3  | Noticed Roxanne
 26597 | Swamp:3  | Killed Roxanne
 26599 | Swamp:3  | Identified Roxanne's Collected Works on Earthen Transmutation (You took it off Roxanne on level 3 of the Swamp)
 26633 | Swamp:3  | Found a white marble altar of Elyvilon.
 26959 | Swamp:3  | Noticed Asterion
 26970 | Swamp:3  | Killed Asterion
 26987 | Swamp:3  | Reached skill level 22 in Fighting
 27327 | Swamp:4  | Noticed Wiglaf
 27347 | Swamp:4  | Killed Wiglaf
 27428 | Swamp:4  | Noticed Mara
 27438 | Swamp:4  | Killed Mara
 27957 | Swamp:4  | Noticed Agnes
 27970 | Swamp:4  | Killed Agnes
 28170 | Swamp:5  | Entered Level 5 of the Swamp
 28253 | Swamp:5  | Received a gift from Okawaru
 28254 | Swamp:5  | Got a shimmering broad axe {god gift}
 28336 | Swamp:5  | Noticed Rupert
 28360 | Swamp:5  | Killed Rupert
 28360 | Swamp:5  | Reached skill level 15 in Armour
 28804 | Swamp:5  | Noticed Kirke
 28809 | Swamp:5  | Noticed the 27-headed Lernaean hydra
 28823 | Swamp:5  | Killed the 27-headed Lernaean hydra
 28823 | Swamp:5  | Reached XP level 18. HP: 168/184 MP: 19/19
 28855 | Swamp:5  | Killed Kirke
 28942 | Swamp:5  | Got a decaying rune of Zot
 29840 | Elf:1    | Entered Level 1 of the Elven Halls
 29938 | Elf:1    | Noticed Azrael
 29959 | Elf:1    | Killed Azrael
 30021 | Elf:1    | Identified a +0 pair of boots of running (You found it on level 1 of the Elven Halls)
 30236 | Elf:1    | Found a roughly hewn altar of Beogh.
 30261 | Elf:1    | Reached skill level 23 in Fighting
 30442 | Elf:1    | Received a gift from Okawaru
 30934 | Elf:2    | Found Biuzo's Antique Armour Emporium.
 31017 | Elf:2    | Found a runed gate.
 31018 | Elf:2    | Found a runed gate.
 31018 | Elf:2    | Found a runed gate.
 32083 | Elf:3    | Entered Level 3 of the Elven Halls
 32097 | Elf:3    | Cast into the Abyss (a deep elf demonologist)
 32150 | Elf:3    | Escaped the Abyss
 32177 | Elf:3    | Reached skill level 5 in Invocations
 32204 | Elf:3    | Cast into the Abyss (a deep elf sorcerer)
 32376 | Abyss:1  | Gained mutation: You are weak. (Str -2) [a neqoxec]
 32406 | Abyss:1  | Reached XP level 19. HP: 105/195 MP: 21/21
 32692 | Abyss:3  | Found a corrupted altar of Lugonu.
 32824 | Elf:3    | Escaped the Abyss
 32827 | Elf:3    | Received a gift from Okawaru
 32845 | Elf:3    | Reached skill level 24 in Fighting
 32852 | Elf:3    | Got a jewelled spear {god gift}
 32970 | Elf:3    | Cast into the Abyss (a deep elf sorcerer)
 33071 | Abyss:1  | Found a corrupted altar of Lugonu.
 33319 | Abyss:1  | Got a dazzling chain mail
 33357 | Abyss:1  | Identified the -2 chain mail "Klats" {rElec rPois Dex+2} (You found it on level 1 of the Abyss)
 33553 | Abyss:1  | Received a gift from Okawaru
 33637 | Abyss:2  | Found a corrupted altar of Lugonu.
 33709 | Elf:3    | Escaped the Abyss
 33733 | Elf:3    | Killed from afar by a deep elf annihilator

Action                   |  1- 3 |  4- 6 |  7- 9 | 10-12 | 13-15 | 16-18 | 19-21 || total
-------------------------+-------+-------+-------+-------+-------+-------+-------++-------
Melee: War axe           |    34 |       |       |       |       |       |       ||    34
       Mace              |    10 |   112 |       |       |       |       |       ||   122
       Trident           |       |    19 |   291 |  1107 |  1390 |  1719 |   348 ||  4874
Invok: Heroism           |       |       |       |     4 |     4 |     9 |     2 ||    19
       Finesse           |       |       |       |       |     2 |     6 |     1 ||     9
 Abil: Evoke Flight      |       |       |       |       |       |     1 |       ||     1
  Use: Potion            |       |       |     4 |    16 |     4 |    14 |     3 ||    41
       Scroll            |       |       |       |    23 |    11 |    13 |     1 ||    48
 Stab: Distracted        |       |       |       |     2 |       |       |       ||     2
       Paralysed         |       |       |       |       |       |       |     1 ||     1
  Eat: Pizza             |       |     1 |     1 |       |     1 |       |     1 ||     4
       Chunk             |       |     1 |     4 |     8 |     3 |       |       ||    16
       Meat ration       |       |     1 |       |     3 |     3 |     6 |     1 ||    14
       Fruit             |       |       |       |     9 |    10 |     2 |       ||    21
       Royal jelly       |       |       |       |     1 |       |     1 |       ||     2
       Bread ration      |       |       |       |       |     1 |       |       ||     1
       Beef jerky        |       |       |       |       |     1 |       |       ||     1
